 Dungeon Crawl Stone Soup version 0.28.0 (webtiles) character file.

Game seed: 4664796677436425027

0 Zeld the Sneak (level 1, 0/19 HPs)
             Began as a Minotaur Delver on Feb 18, 2022.
             Slain by an orc (4 damage)
             ... on level 5 of the Dungeon.
             The game lasted 00:00:24 (54 turns).

Zeld the Sneak (Minotaur Delver)                      Turns: 54, Time: 00:00:24

Health: 0/19       AC:  3    Str: 16    XL:     1   Next: 0%
Magic:  0/0        EV: 11    Int:  7    God:
Gold:   17         SH:  0    Dex: 11    Spells: 0/0 levels left

rFire   . . .      SeeInvis .   a - +0 hand axe
rCold   . . .      Faith    .   (no shield)
rNeg    . . .      Spirit   .   b - +0 leather armour
rPois   .          Reflect  .   (helmet restricted)
rElec   .          Harm     .   (no cloak)
rCorr   .          Rampage  .   (no gloves)
Will    .....                   (no boots)
Stlth   ++........              (no amulet)
HPRegen 0.06/turn               (no ring)
MPRegen 0.07/turn               (no ring)

@: no status effects
A: horns 2, retaliatory headbutt
a: no special abilities


You were on level 5 of the Dungeon.
You visited 1 branch of the dungeon, and saw 1 of its levels.

You collected 17 gold pieces.

Inventory:

Hand Weapons
 a - a +0 hand axe (weapon)
Armour
 b - a +0 leather armour (worn)
Wands
 g - a wand of digging (3)
Scrolls
 c - a scroll of fog
 e - a scroll of fear
 h - a scroll of identify {unknown}
Potions
 f - a potion of haste


   Skills:
 + Level 3.6 Fighting
 * Level 2.4 Axes
 + Level 2.1 Dodging
 + Level 4.1 Stealth


You couldn't memorise any spells.
You didn't know any spells.
Your spell library was empty.

Dungeon Overview and Level Annotations

Branches:
Dungeon (5/15)
 Temple: D:4-7

Altars:
Nemelex Xobeh


Innate Abilities, Weirdness & Mutations

You have a pair of horns on your head.
You reflexively headbutt those who attack you in melee.


Message History

You now have 17 gold pieces (gained 7).
Unknown command.
As you read the scroll of magic mapping, it crumbles to dust.
You feel aware of your surroundings.
You sensed 2 altars, and 1 shop/portal.
Found 23 arrows.
You open the door.
A gnoll comes into view. It is wielding a +0 club.
The gnoll shouts!
You hear a shout! x3
A gnoll comes into view. It is wielding a +0 whip.
A gnoll comes into view. It is wielding a +0 flail.
Found 3 gold pieces.
Found a sparkling altar of Nemelex Xobeh.
You see here 23 arrows.
A white imp comes into view.
The white imp shouts! 2 orcs come into view.
Found a stone staircase leading up.
Found a mace.
You hear the slow hiss of a distant avalanche of sand.
The white imp gestures at you. The puff of frost hits you!
You hit the white imp but do no damage. The white imp completely misses you.
You furiously retaliate!
You headbutt the white imp.
Unknown command.
You hit the white imp.
The white imp is heavily wounded.
The white imp barely misses you.
Unknown command.
You barely miss the white imp.
The white imp is heavily wounded.
The white imp hits you. The white imp freezes you.
* * * LOW HITPOINT WARNING * * *
Unknown command.
The orc shouts!
You hit the white imp but do no damage. You headbutt the white imp.
You kill the white imp!
You hit the gnoll. You hit the orc.
You hear a shout!
The gnoll barely misses you. The orc hits you with a +0 club.
You die...

*+*,,,,>,,,,,,,,,*,,,,,,,,*,*,,,*
,,,,,,,,**##..#)....,*,,,,*,*,,,*
,,,,,,,,*,,.......<,,*,,*,*,*,,,*
,,,*,,,,*,,,.#.....,,...*,*,*,,,*
,,,+,,,,,,,,,.....,,,o...,,,,,,,+
,,,*,,,**,,,,#..o.,,..#.#,*<,,,,+
,,,**********#...###....#,*,,,,**
**** *#..#.......,*,*,,**
*#@#.......,*,*,***
#go.......,***,*,* ##g##+###***
*,*,* #g...#*,,,***,*,*
*############(..##,,8,,**,*,*
*...............#,,,,,,,*,*,*
*,######.#####..#,,,_,,,*,*,* *,*
#.# ##.'.gg..g,*,*,* *,* ###.###
#.#..._..,*,*,*


You could see 3 gnolls and 2 orcs.

Vanquished Creatures
  A white imp (D:5)
1 creature vanquished.

Notes
Turn   | Place    | Note
-------+----------+-------------------------------------------
     0 | D:5      | Zeld the Minotaur Delver began the quest for the Orb.
     0 | D:5      | Reached XP level 1. HP: 19/19 MP: 0/0
    44 | D:5      | Found a sparkling altar of Nemelex Xobeh.
    54 | D:5      | Slain by an orc

Illustrated notes

Levels and vault maps discovered:
D:5:      layout_basic, grunt_temple_overflow_opulence,
          nicolae_ossuary_entry_monument, kennysheep_big_empty_room,
          interstate_on_off, nrook_campfire, hex_tiny

Action                   || total
-------------------------++-------
Melee: Hand axe          ||     4
       Headbutt          ||     1
  Use: Scroll            ||     1
Dodge: Dodged            ||     3
